 Dungeon Crawl Stone Soup version 0.29-a0-817-g9904bce7a6 (webtiles) character file.

Game seed: 1856881098443892728

28 xian the Sneak (level 3, -1/24 HPs)
             Began as an Octopode Brigand on July 5, 2022.
             Slain by an iguana (11 damage)
             ... on level 2 of the Dungeon.
             The game lasted 00:01:57 (931 turns).

xian the Sneak (Octopode Brigand)                    Turns: 931, Time: 00:01:58

Health: -1/24      AC:  1    Str: 10    XL:     3   Next: 14%
Magic:  3/3        EV: 12    Int: 13    God:
Gold:   36         SH:  0    Dex: 15    Spells: 2/2 levels left

rFire   . . .      SeeInvis .   a - +2 dagger
rCold   . . .      Faith    .   (no shield)
rNeg    . . .      Spirit   .   (helmet restricted)
rPois   .          Reflect  .   (no amulet)
rElec   .          Harm     .   (no ring)
rCorr   .          Rampage  .   (no ring)
Will    .....                   (no ring)
Stlth   ++++......              (no ring)
HPRegen 0.08/turn               (no ring)
MPRegen 0.08/turn               (no ring)
                                (no ring)
                                (no ring)

@: no status effects
A: almost no armour, amphibious, 8 rings, camouflage 1, gelatinous body 1,
(nimble swimmer 1), tentacles
a: no special abilities


You were on level 2 of the Dungeon.
You visited 1 branch of the dungeon, and saw 2 of its levels.

You collected 36 gold pieces.

Inventory:

Hand Weapons
 a - a +2 dagger (weapon)
Missiles
 b - 9 poisoned darts (quivered)
 c - 3 curare-tipped darts
Scrolls
 d - a scroll of fog {unknown}
 e - a scroll of noise {unknown}
 f - a scroll of blinking {unknown}
 h - a scroll of enchant armour {unknown}
 i - a scroll of fear {unknown}
 k - a scroll of teleportation {unknown}
Potions
 g - 2 potions of heal wounds {unknown}
 j - a potion of ambrosia {unknown}


   Skills:
 + Level 2.1 Fighting
 + Level 2.2 Short Blades
 + Level 2.0 Throwing
 + Level 1.0 Dodging
 + Level 6.5 Stealth


You had 2 spell levels left.
You didn't know any spells.
Your spell library was empty.

Dungeon Overview and Level Annotations

Branches:
Dungeon (2/15)

Altars:


Innate Abilities, Weirdness & Mutations

You cannot wear most types of armour.
You are amphibious.
You can wear up to eight rings at the same time.
Your skin changes colour to match your surroundings (Stealth+).
Your rubbery body absorbs attacks. (AC +1, EV +1)
((You are camouflaged when in or above water. (Stealth+)))
You have tentacles for arms and can constrict up to eight enemies at once.


Message History

Done exploring.
There is an open door here.
You see here a +0 mace.
There is an escape hatch in the floor here.
You slide downwards.
The hatch slams shut behind you.
Found a ruby potion.
A kobold comes into view. It is wielding a +0 dagger.
Found 5 stones.
The helpless bat fails to defend itself.
You impale the bat!!
You kill the bat!
An iguana comes into view.
You see here a bat corpse.
The helpless ball python fails to defend itself.
You impale the ball python!!
You kill the ball python!
You see here a ball python corpse.
The helpless ball python fails to defend itself.
You spit the ball python like a pig!!!
You kill the ball python!
The kobold throws a stone.
The stone hits you.
The kobold throws a stone.
The stone misses you.
The hobgoblin shouts!
You see here a ball python corpse.
You hit the hobgoblin. You grab the hobgoblin. You squeeze the hobgoblin.
You kill the hobgoblin!
The iguana hisses angrily.
A rat comes into view.
You closely miss the iguana. Your grab misses the iguana. The iguana bites you.
The kobold hits you with a +0 dagger.
You hit the iguana. You grab the iguana. You squeeze the iguana.
The iguana is moderately wounded.
You constrict the iguana, but do no damage.
The iguana bites you. The kobold hits you with a +0 dagger.
You completely miss the iguana.
The iguana is moderately wounded.
You constrict the iguana. The iguana bites you. The kobold barely misses you.
You release your grip on the iguana.
The iguana attacks as you move away! The iguana bites you!
You die...

################
................
..##...#....###
#...#....#
#..##....######
.... ##...††..(#
....# #...#.@..#
...## #!..#.lK.#
.## ##..##r..#
#..####.# ##..
... ##. .... #
... ....


You could see an iguana, a kobold and a rat.

Vanquished Creatures
  4 ball pythons
  2 endoplasms (D:1)
  A goblin (D:1)
  2 hobgoblins
  2 jackals (D:1)
  2 quokkas (D:1)
  4 bats
  3 frilled lizards (D:1)
  3 kobolds (D:1)
  3 rats (D:1)
26 creatures vanquished.

Notes
Turn   | Place    | Note
-------+----------+-------------------------------------------
     0 | D:1      | xian the Octopode Brigand began the quest for the Orb.
     0 | D:1      | Reached XP level 1. HP: 14/14 MP: 1/1
    79 | D:1      | Reached skill level 6 in Stealth
    79 | D:1      | Reached XP level 2. HP: 19/19 MP: 2/2
   750 | D:1      | Reached XP level 3. HP: 21/24 MP: 3/3
   931 | D:2      | Slain by an iguana

Illustrated notes

Levels and vault maps discovered:
D:1:      matt_arrival_refuge, layout_loops_ring
D:2:      minmay_recursive_quarters, layout_rooms, serial_shops,
          nicolae_shop_behind_doors, shop, shop, shop, shop,
          shapermc_ecumenical_altar_acropolis, amethyst_killhole

Skill      XL: |  1 |
---------------+----+-----
Stealth        | 6 |  6.5
Fighting       | |  2.1
Short Blades   | |  2.2
Throwing       | |  2.0
Dodging        | |  1.0

Action                   || total
-------------------------++-------
Melee: Dagger            ||    36
       Tentacles         ||     5
       Constrict         ||     4
 Stab: Sleeping          ||    17
Armor: Skin              ||     1
Dodge: Dodged            ||     9

Table legend: (Time is in decaauts)
 A = Elapsed time spent in this place.
 B = Non-inter-level travel time spent in this place.
 C = Inter-level travel time spent in this place.
 D = Time resting spent in this place.
 E = Time spent auto-exploring this place.
 F = Levels seen in this place.
 G = Mean time per level.
                   A        B        C        D        E       F      G
               +--------+--------+--------+--------+--------+-----+--------+
         Total |    927 |    885 |     42 |      0 |    619 |   2 |  463.5 |
       Dungeon |    927 |    885 |     42 |      0 |    619 |   2 |  463.5 |
               +--------+--------+--------+--------+--------+-----+--------+

Top non-repeatable levels by time:
     D:1: 913 daAuts
     D:2: 14 daAuts
